 Dungeon Crawl Stone Soup version 0.28-a0-863-g8cecda6153 (webtiles) character file.

Game seed: 12421245860229242286

6999 bjtr the Geomancer (level 11, -1/84 HPs)
             Began as a Formicid Earth Elementalist on Nov 19, 2021.
             Was an Initiate of Sif Muna.
             Slain by a troll (7 damage)
             ... on level 9 of the Dungeon on Nov 20, 2021.
             The game lasted 00:54:22 (10892 turns).

bjtr the Geomancer (Formicid Earth Elementalist)   Turns: 10892, Time: 00:54:23

Health: -1/84      AC: 13    Str: 13    XL:     11   Next: 29%
Magic:  23/23      EV: 13    Int: 18    God:    Sif Muna [......]
Gold:   180        SH:  4    Dex: 11    Spells: 16/26 levels left

rFire   . . .      SeeInvis +   z - +3 dire flail (spect)
rCold   . . .      Faith    .   Q - +0 buckler
rNeg    + . .      Spirit   .   o - +1 acid dragon scales
rPois   .          Reflect  .   (helmet unavailable)
rElec   .          Harm     .   (no cloak)
rCorr   +          Rampage  .   k - +2 pair of gloves
Will    ++++.                   g - +2 pair of boots
Stlth   ++........              V - amulet "Kawi" {-Tele rN+ Will+++ Regen+}
HPRegen 1.24/turn               (no ring)
MPRegen 0.18/turn               (no ring)

@: no status effects
A: permanent stasis, dig shafts and tunnels, antennae 3, four strong arms
a: Dig, Shaft Self, Renounce Religion


You were on level 9 of the Dungeon.
You worshipped Sif Muna.
Sif Muna was noncommittal.
You visited 2 branches of the dungeon, and saw 10 of its levels.
You also visited: Ossuary.

You collected 540 gold pieces.
You spent 360 gold pieces at shops.

Inventory:

Hand Weapons
 b - a +0 hand crossbow
 c - a +0 scythe
 i - a +0 dagger
 n - a +0 hunting sling
 x - a +3 long sword
 y - a +0 flail of protection
 z - a +3 spectral dire flail (weapon)
 A - a +0 dagger
 B - a +0 great sword
 C - a +0 shortbow
 K - a +0 rapier
 L - a +2 whip of electrocution
 M - a +1 short sword of electrocution
 N - a +0 vorpal morningstar
 P - a +0 battleaxe
 U - a +3 long sword of freezing
 X - a +2 hand axe of flaming
Missiles
 d - 9 boomerangs
 p - 5 atropa-tipped darts
 r - 143 bolts
 t - 187 arrows
 u - 34 poisoned darts
 v - 115 stones
Armour
 a - a +2 robe of willpower
 g - a +2 pair of boots (worn)
 k - a +2 pair of gloves (worn)
 l - a +1 ring mail
 o - +1 acid dragon scales (worn)
 Q - a +0 buckler (worn)
Magical Staves
 J - a staff of conjuration
Jewellery
 e - an amulet of reflection
 V - the amulet "Kawi" (around neck) {-Tele rN+ Will+++ Regen+}
   (You acquired it on level 8 of the Dungeon)

   [amulet of regeneration]

   rN:        It protects you from negative energy.
   -Tele:     It prevents most forms of teleportation.
   Regen:     It increases your rate of health regeneration.
   Will:      It greatly increases your willpower.
Wands
 j - a wand of flame (48)
 O - a wand of charming (11)
 R - a wand of acid (4)
 T - a wand of iceblast (13)
 W - a wand of polymorph (8)
Scrolls
 m - a scroll of fear
 G - 3 scrolls of magic mapping
Potions
 f - 8 potions of curing
 h - 5 potions of might
 q - a potion of lignification {unknown}
 s - a potion of attraction {unknown}
 w - a potion of ambrosia {unknown}
 D - a potion of brilliance {unknown}
 E - a potion of berserk rage {unknown}
 F - a potion of cancellation {unknown}
 H - 5 potions of flight {unknown}
 I - 2 potions of resistance {unknown}


   Skills:
 + Level 7.6 Fighting
 + Level 1.4 Armour
 - Level 6.3 Dodging
 - Level 2.4 Stealth
 + Level 3.6 Shields
 + Level 8.3 Spellcasting
 - Level 1.1 Transmutations
 * Level 5.9 Fire Magic
 + Level 9.7 Earth Magic
 * Level 4.2 Invocations


You had 16 spell levels left.
You knew the following spells:

 Your Spells              Type           Power      Damage    Failure   Level
a - Sandblast             Erth           84%        2d18      1%          1
b - Passwall              Tmut/Erth      22%        N/A       2%          2
c - Stone Arrow           Conj/Erth      50%        3d10      5%          3
d - Flame Wave            Conj/Fire      18%        3d5       36%         4

Your spell library contained the following spells:

 Spells                   Type           Power      Damage    Failure   Level
 Sting                    Tmut/Pois      36%        1d4       11%         1
 Animate Skeleton         Necr           14%        N/A       14%         1
 Apportation              Tloc           14%        N/A       14%         1
 Magic Dart               Conj           28%        1d4       14%         1
 Summon Small Mammal      Summ           28%        N/A       14%         1
 Petrify                  Tmut/Erth      27%        N/A       14%         4
 Ignite Poison            Fire/Tmut/Pois 16%        N/A       16%         3
 Borgnjor's Vile Clutch   Necr/Erth      12%        N/A       45%         5
 Ice Form                 Ice/Tmut       9%         N/A       73%         4
 Animate Dead             Necr           3%         N/A       80%         4
 Iskenderun's Mystic Bla  Conj/Tloc      7%         2d4       80%         4
 Death Channel            Necr           3%         N/A       100%        6


Dungeon Overview and Level Annotations

Branches:
Dungeon (9/15)             Temple (1/1) D:6         Ossuary (visited)
   Lair: D:8-11         Orc: D:9-12

Altars:
Ashenzari
Cheibriados
Dithmenos
Elyvilon
Fedhas
Gozag
Hepliaklqana
Kikubaaqudgha
Makhleb
Nemelex Xobeh
Okawaru
Qazlal
Ru
Sif Muna
Trog
Uskayaw
Vehumet
Wu Jian
Xom
Yredelemnul
Zin
The Shining One

Shops:
D:6 =

Portals:
Bailey: D:9

Annotations:
D:4 1 runed translucent door


Innate Abilities, Weirdness & Mutations

You cannot be hasted, slowed, berserked, paralysed or teleported.
You can dig through walls and to a lower floor.
You have a pair of large antennae on your head. (SInv)
Your four strong arms can wield two-handed weapons with a shield.


Message History

You sock the gnoll shaman!
You kill the gnoll shaman!
Sif Muna accepts your kill. The yak gores you!
* * * LOW HITPOINT WARNING * * *
Unknown command.
Aiming: Corrosive Bolt
Press: ? - help, Shift-Dir - straight line, f - yak
Aim: a yak (heavily wounded, 83% to hit)
The bolt of acid hits the yak!
The acid corrodes the yak!
The yak is almost dead.
The bolt of acid hits the troll!
The acid corrodes the troll!
The troll is moderately wounded.
The yak gores you but does no damage.
You hit the yak.
The yak is almost dead.
The yak gores you but does no damage.
Unknown command.
You puncture the yak!
You kill the yak!
Sif Muna accepts your kill.
You puncture the troll!
The troll is severely wounded.
The troll misses you. The troll barely misses you.
The troll closely misses you. The troll bites you!
* * * LOW HITPOINT WARNING * * *
The troll closely misses you. The troll claws you.
* * * LOW HITPOINT WARNING * * *
You hit the troll.
The troll is severely wounded.
The troll bites you but does no damage. You block the troll's attack.
The troll claws you.
* * * LOW HITPOINT WARNING * * *
Unknown command.
You hit the troll.
The troll is severely wounded.
The troll bites you!
* * * LOW HITPOINT WARNING * * *
The troll claws you!
You die...

....... #...#
....... #...#
....... #...#
.......###...#
....T..#@#...#
(......#T#...#
.......#.#..)#
........#..g<#
.......#.#.).#
.......###...#
....... #.†)#
....... #†).#
....... #)).#


You could see a troll (corroded).

Vanquished Creatures
  Harold (D:7)
  A boulder beetle (D:6)
  Maggie (D:6)
  Sigmund (D:2)
  A wraith (D:7)
  6 yaks (D:9)
  Menkaure (D:7)
  4 water moccasins
  An orc warrior (D:5)
  An ice beast (D:6)
  A sky beast (D:6)
  2 black bears
  4 necrophages
  A centaur (D:4)
  3 kobold brigands
  A gnoll sergeant (D:6)
  5 bullfrogs
  A scorpion (D:4)
  7 water moccasin zombies (Ossuary)
  A water moccasin skeleton (D:7)
  13 wights
  3 killer bees (D:9)
  2 howler monkeys
  2 centaur zombies (D:8)
  2 hounds
  A bullfrog zombie (D:6)
  A centaur skeleton (D:5)
  An orc priest (D:4)
  A gnoll shaman (D:9)
  An iguana (D:6)
  Natasha (thrice) (D:3)
  3 orc wizards
  A hound zombie (D:5)
  2 mummies (Ossuary)
  Robin (D:3)
  7 gnolls
  2 howler monkey skeletons
  8 adders
  A river rat (D:4)
  2 white imps
  9 adder zombies (Ossuary)
  The ghost of SirDiesAlot the Sneak, a weakling MiDe (D:4)
  2 dart slugs
  2 worms
  7 orcs
  2 bats
  5 endoplasms
  A giant cockroach (D:1)
  A gnoll zombie (Ossuary)
  23 goblins
  10 hobgoblins
  10 jackals
  2 quokkas (D:1)
  12 ball pythons
  A frilled lizard (D:2)
  3 hobgoblin zombies (Ossuary)
  15 kobolds
  7 kobold zombies (Ossuary)
  2 orc zombies (Ossuary)
  3 rats
  A rat zombie (D:5)
220 creatures vanquished.

Notes
Turn   | Place    | Note
-------+----------+-------------------------------------------
     0 | D:1      | bjtr the Formicid Earth Elementalist began the quest for
                  | the Orb.
     0 | D:1      | Reached XP level 1. HP: 13/13 MP: 3/3
     1 | D:1      | Found a shimmering altar of Xom.
   259 | D:1      | Reached skill level 4 in Earth Magic
   259 | D:1      | Reached XP level 2. HP: 19/19 MP: 3/5
   262 | D:1      | Learned a level 2 spell: Passwall
   561 | D:1      | Found a faded altar of an unknown god.
   944 | D:1      | Reached XP level 3. HP: 24/24 MP: 4/6
   948 | D:1      | Learned a level 3 spell: Stone Arrow
  1760 | D:2      | Reached XP level 4. HP: 30/30 MP: 8/8
  1978 | D:2      | Noticed Sigmund
  2292 | D:3      | Noticed Natasha
  2294 | D:3      | Killed Natasha
  2374 | D:3      | Reached skill level 1 in Fighting
  2378 | D:3      | Noticed Natasha
  2391 | D:3      | HP: 1/32 [Natasha/magic dart (2)]
  2393 | D:3      | Killed Natasha
  2394 | D:3      | Reached XP level 5. HP: 2/37 MP: 1/10
  3142 | D:3      | Noticed Natasha
  3239 | D:3      | Reached skill level 5 in Earth Magic
  3250 | D:3      | Reached XP level 6. HP: 18/44 MP: 11/11
  3264 | D:3      | Killed Natasha
  3824 | D:3      | Noticed Robin
  4117 | D:3      | Killed Robin
  4326 | D:2      | Killed Sigmund
  4327 | D:2      | Reached XP level 7. HP: 44/51 MP: 3/13
  4611 | D:4      | Found a runed translucent door.
  4614 | D:4      | Noticed SirDiesAlot's ghost (weakling MiDe)
  4636 | D:4      | Found a runed translucent door.
  5005 | D:4      | Reached XP level 8. HP: 45/60 MP: 9/15
  5197 | D:4      | Found a shadowy altar of Dithmenos.
  5211 | D:4      | Reached skill level 5 in Spellcasting
  5211 | D:4      | Reached skill level 6 in Earth Magic
  5730 | D:4      | Killed SirDiesAlot's ghost
  5850 | D:5      | Entered Level 5 of the Dungeon
  5997 | D:5      | Reached skill level 5 in Dodging
  6095 | D:5      | Found a sand-covered staircase.
  6106 | Ossuary  | Entered an ossuary
  6244 | Ossuary  | Reached skill level 5 in Fighting
  6330 | Ossuary  | Reached XP level 9. HP: 63/68 MP: 17/17
  7127 | D:6      | Reached skill level 7 in Earth Magic
  7142 | D:6      | Found Geip's Jewellery Shop.
  7288 | D:6      | Identified a scroll of acquirement
  7288 | D:6      | Acquired the Reference Book on Excruciating Moulding
  7296 | D:6      | Bought an amulet of reflection for 360 gold pieces
  7463 | D:6      | Reached skill level 1 in Fire Magic
  7735 | D:6      | Noticed Maggie
  7753 | D:6      | Killed Maggie
  7754 | D:6      | Reached skill level 8 in Earth Magic
  7754 | D:6      | Reached XP level 10. HP: 39/76 MP: 18/20
  7952 | D:6      | Found a staircase to the Ecumenical Temple.
  7961 | Temple   | Entered the Ecumenical Temple
  8201 | Temple   | Became a worshipper of Sif Muna the Loreminder
  8284 | D:6      | Noticed a boulder beetle
  8324 | D:6      | Killed a boulder beetle
  8325 | D:6      | Reached skill level 1 in Shields
  8330 | D:6      | Learned a level 4 spell: Flame Wave
  8785 | D:7      | Reached skill level 1 in Invocations
  9286 | D:7      | Reached skill level 9 in Earth Magic
  9400 | D:7      | Noticed Harold
  9401 | D:7      | Noticed Menkaure
  9406 | D:7      | Killed Menkaure
  9407 | D:7      | Reached skill level 5 in Fire Magic
  9412 | D:7      | Killed Harold
 10498 | D:8      | Reached XP level 11. HP: 84/84 MP: 23/23
 10598 | D:8      | Acquired the amulet "Kawi" {-Tele rN+ Will+++ Regen+}
 10842 | D:9      | Found a flagged portal.
 10869 | D:9      | Reached skill level 1 in Armour
 10892 | D:9      | Slain by a troll

Illustrated notes

Levels and vault maps discovered:
D:1:      sevenhm_arrival_forest_fort_small_6, layout_basic,
          basic_ecumenical_altar
D:2:      minmay_wonky_spiral, layout_basic, uniq_sigmund
D:3:      layout_loops_corners, corexii_hall_statues_l, nrook_loot_triangle,
          kennysheep_cross_bottleneck, uniq_robin, uniq_natasha
D:4:      layout_loops_ring, amcnicky_altar_gilded, ebering_ghost_sewer_f
D:5:      layout_gridville, enter_ossuary_3, lightli_corner_chamber
D:6:      layout_cave_pools, minmay_temple_entry_glassed_door,
          nicolae_concentric_dashed_squares_mild, hangedman_decor_peaks_small,
          minmay_shop_enchanted_jewellery, minmay_small_thing, uniq_maggie
D:7:      layout_gridville, uniq_menkaure, uniq_harold
D:8:      layout_rooms
D:9:      layout_long_grid, enter_bailey_5, st_stairs_11
Temple:   regret_index_temple_sigil_plot

Skill      XL: |  1  2  3  4  5  6  7  8  9 10 11 |
---------------+----------------------------------+-----
Earth Magic    | 4 5 6 8 9 |  9.7
Dodging        | 2 3 4 5 6 |  6.3
Spellcasting   | 3 4 5 6 8 |  8.3
Fighting       | 1 2 3 5 6 7 |  7.6
Fire Magic     | 3 5 |  5.9
Shields        | 2 3 |  3.6
Invocations    | 3 4 |  4.2
Armour         | 1 |  1.4
Stealth        | |  2.4
Transmutations | |  1.1

Action                   |  1- 3 |  4- 6 |  7- 9 | 10-12 || total
-------------------------+-------+-------+-------+-------++-------
Melee: Club              |    47 |       |       |       ||    47
       Long sword        |    38 |    49 |       |       ||    87
       Flail             |       |    88 |    39 |       ||   127
       Dire flail        |       |       |   190 |   119 ||   309
 Cast: Sandblast         |    30 |       |     4 |     1 ||    35
       Stone Arrow       |     1 |    17 |    31 |     9 ||    58
       Flame Wave        |       |       |       |     1 ||     1
 Abil: Dig               |       |     1 |     4 |     1 ||     6
Evoke: Wand              |       |       |       |     5 ||     5
  Use: Potion            |     1 |       |       |     2 ||     3
       Scroll            |       |     4 |    10 |     5 ||    19
 Stab: Sleeping          |     1 |     2 |     4 |     3 ||    10
Armor: Robe              |    52 |    51 |    93 |    18 ||   214
       Acid dragon scale |       |       |       |    41 ||    41
Dodge: Dodged            |    68 |   116 |   159 |    83 ||   426
Block: Buckler           |       |       |     1 |    59 ||    60
       Reflection        |       |       |     1 |     1 ||     2
       Other             |       |       |     1 |       ||     1

Table legend: (Time is in decaauts)
 A = Elapsed time spent in this place.
 B = Non-inter-level travel time spent in this place.
 C = Inter-level travel time spent in this place.
 D = Time resting spent in this place.
 E = Time spent auto-exploring this place.
 F = Levels seen in this place.
 G = Mean time per level.
                   A        B        C        D        E       F      G
               +--------+--------+--------+--------+--------+-----+--------+
         Total |  11093 |  10844 |    249 |   3490 |   4918 |  11 | 1008.5 |
       Dungeon |  10289 |  10062 |    227 |   3249 |   4586 |   9 | 1143.2 |
        Temple |    263 |    241 |     22 |      0 |    191 |   1 |  263.0 |
       Ossuary |    539 |    539 |      0 |    241 |    141 |   1 |  539.0 |
               +--------+--------+--------+--------+--------+-----+--------+

Top non-repeatable levels by time:
     D:3: 2048 daAuts
     D:4: 1535 daAuts
     D:1: 1369 daAuts
     D:6: 1356 daAuts
     D:7: 1278 daAuts
     D:2: 1019 daAuts
     D:8: 908 daAuts
     D:5: 701 daAuts
 Ossuary: 539 daAuts
  Temple: 263 daAuts
     D:9: 72 daAuts
